 Dungeon Crawl Stone Soup version 0.30-a0-368-g86fb4627a9 (webtiles) character file.

Game seed: 7249122904456873704

183 Anamonty the Shooter (level 5, -12/43 HPs)
             Began as a Barachi Hunter on Nov 19, 2022.
             Killed by divine providence
             ... invoked by an orc priest
              (15 damage)
             ... on level 3 of the Dungeon.
             The game lasted 00:04:36 (2424 turns).

Anamonty the Shooter (Barachi Hunter)               Turns: 2424, Time: 00:04:36

Health: -12/43     AC:  3    Str: 12    XL:     5   Next: 62%
Magic:  5/5        EV: 13    Int: 10    God:
Gold:   179        SH:  0    Dex: 17    Spells: 4/4 levels left

rFire   . . .      SeeInvis .    a - +0 shortbow
rCold   . . .      Faith    .    (shield currently unavailable)
rNeg    . . .      Spirit   .    c - +0 leather armour
rPois   .          Reflect  .    (no helmet)
rElec   .          Harm     .    (no cloak)
rCorr   .          Rampage  .    (no gloves)
Will    .....                    (no boots)
Stlth   ++........               (no amulet)
HPRegen 0.27/turn                (no ring)
MPRegen 0.09/turn                (no ring)

@: slow
A: amphibious, slowness 1, strong legs 1, +LOS
a: Hop


You were on level 3 of the Dungeon.
You visited 1 branch of the dungeon, and saw 3 of its levels.

You collected 179 gold pieces.

Inventory:

Hand Weapons
 a - a +0 shortbow (weapon)
 d - a +0 short sword
Armour
 c - a +0 leather armour (worn)
Scrolls
 b - 2 scrolls of immolation
 e - 4 scrolls of identify {unknown}
 g - 2 scrolls of magic mapping {unknown}
 h - a scroll of noise {unknown}
 l - a scroll of fear {unknown}
 o - a scroll of poison {unknown}
 q - a scroll of enchant weapon {unknown}
 r - a scroll of vulnerability {unknown}
Potions
 f - a potion of brilliance {unknown}
 i - a potion of curing
 j - a potion of flight {unknown}
 k - a potion of mutation {unknown}
 m - a potion of attraction {unknown}
 n - a potion of berserk rage {unknown}
 p - a potion of heal wounds {unknown}


   Skills:
 * Level 4.3 Fighting
 * Level 5.0 Ranged Weapons
 + Level 3.3 Dodging
 - Level 2.0 Stealth


You had 4 spell levels left.
You didn't know any spells.
Your spell library was empty.

Dungeon Overview and Level Annotations

Branches:
Dungeon (3/15)

Altars:


Innate Abilities, Weirdness & Mutations

You are amphibious.
You cover ground slowly.
You can hop short distances.
You have an extended range of vision and can be seen from far away.


Message History

You barely miss the worm.
The worm is severely wounded.
You hit the worm.
The worm is severely wounded.
The worm bites you.
You barely miss the worm.
The worm is severely wounded.
The worm barely misses you.
You hit the worm.
The worm is almost dead.
You hit the worm.
The worm is almost dead.
The worm bites you!
* * * LOW HITPOINT WARNING * * *
You see here 11 gold pieces.
a - a +0 shortbow (weapon)
Found a +0 club.
Fire: a) +0 shortbow
Press: ? - help, Q - select action, (/) - cycle Shift-Dir - straight line, f - worm
Aim: a worm (heavily wounded, 81% to hit)
You shoot an arrow. The arrow hits the worm.
The worm is heavily wounded.
Fire: a) +0 shortbow
Press: ? - help, Q - select action, (/) - cycle Shift-Dir - straight line, f/p - worm
Aim: a worm (heavily wounded, 81% to hit)
You shoot an arrow.
The arrow hits the worm but does no damage.
The worm is heavily wounded.
The orc wizard shouts!
You hear a shout!
The orc wizard gestures at you while chanting.
You resist with some effort.
The orc priest shouts!
The orc priest begins to cast a cantrip, but forgets the words!
The orc priest calls down the wrath of Beogh upon you.
Beogh smites you!
* * * LOW HITPOINT WARNING * * *
The orc priest casts a cantrip, but nothing happens.
The orc priest mumbles some strange prayers to Beogh against you.
Beogh smites you!
You die...

#.#####.##.#########.####
#.# ### #o# #......# #.#
#.. #.# #.###### # #.#
#.# #o# #.# ## #.# #.#
#w# #.# .#######.# #.#
#.# #.# ......##.# #.#
##.## #.#
.####.##.###.###...###.#
####...#........@......#
...).........###>..#####
.###...####### ##.## .#
##.## #.# .# #... #.#
.##..... #.# .###...# ..#
## ##.## ### ###


You could see a worm, an orc priest and an orc wizard.

Vanquished Creatures
  An orc wizard (D:2)
  2 gnolls
  8 adders
  A worm (D:2)
  2 dart slugs
  3 orcs (D:3)
  7 ball pythons
  4 endoplasms
  A giant cockroach (D:2)
  3 goblins (D:1)
  3 hobgoblins
  5 jackals (D:1)
  9 bats
  4 frilled lizards
  4 kobolds
  7 rats
64 creatures vanquished.

Notes
Turn   | Place    | Note
-------+----------+-------------------------------------------
     0 | D:1      | Anamonty the Barachi Hunter began the quest for the Orb.
     0 | D:1      | Reached XP level 1. HP: 17/17 MP: 1/1
    20 | D:1      | Reached skill level 1 in Stealth
   141 | D:1      | Reached XP level 2. HP: 23/23 MP: 2/2
   307 | D:1      | Reached XP level 3. HP: 28/28 MP: 3/3
   785 | D:2      | Found a faded altar of an unknown god.
   909 | D:2      | Reached XP level 4. HP: 35/35 MP: 4/4
  1613 | D:2      | Reached XP level 5. HP: 19/42 MP: 5/5
  2000 | D:2      | Reached skill level 5 in Ranged Weapons
  2421 | D:3      | HP: 2/43 [orc priest/divine providence (14)]
  2424 | D:3      | Killed from afar by an orc priest

Illustrated notes

Levels and vault maps discovered:
D:1:      minmay_arrival_up_and_down, layout_loops_ring, kennysheep_boxes
D:2:      layout_loops_ring, shapermc_ecumenical_altar_venn
D:3:      cheibrodos_pilgrimage, layout_loops_ring, grunt_gozag_breadcrumbs

Skill      XL: |  1  2  3  4  5 |
---------------+----------------+-----
Stealth        | 1 2 |  2.0
Fighting       | 3 4 |  4.3
Dodging        | 3 |  3.3
Ranged Weapons | 5 |  5.0

Action                   |  1- 3 |  4- 6 || total
-------------------------+-------+-------++-------
Melee: Short sword       |       |   180 ||   180
       Punch             |       |     1 ||     1
 Fire: Shortbow          |   101 |    44 ||   145
 Abil: Hop               |       |     2 ||     2
  Use: Potion            |       |     1 ||     1
 Stab: Sleeping          |       |     2 ||     2
Armor: Leather armour    |    25 |    29 ||    54
Dodge: Dodged            |    40 |   136 ||   176

Table legend: (Time is in decaauts)
 A = Elapsed time spent in this place.
 B = Non-inter-level travel time spent in this place.
 C = Inter-level travel time spent in this place.
 D = Time resting spent in this place.
 E = Time spent auto-exploring this place.
 F = Levels seen in this place.
 G = Mean time per level.
                   A        B        C        D        E       F      G
               +--------+--------+--------+--------+--------+-----+--------+
         Total |   2784 |   2722 |     62 |      0 |   1887 |   3 |  928.0 |
       Dungeon |   2784 |   2722 |     62 |      0 |   1887 |   3 |  928.0 |
               +--------+--------+--------+--------+--------+-----+--------+

Top non-repeatable levels by time:
     D:2: 1276 daAuts
     D:1: 904 daAuts
     D:3: 603 daAuts
